[Event "Team 45 45 League T51"]
[Site "Internet Chess Club"]
[Date "2011.12.03"]
[Round "4"]
[White "otib2006"]
[Black "medsurg"]
[Result "0-1"]
[WhiteElo "1237"]
[BlackElo "1396"]
[Opening "Caro-Kann: Hillbilly attack"]
[ECO "B10"]
[Time "17:01:53"]
[TimeControl "2700+45"]

1. e4 c6 2. Bc4 d5 3. exd5 cxd5 4. Bb3 Nf6 5. Nf3 e6 6. O-O Bc5 7. d4 Be7 8. Ne5
O-O 9. Nc3 Nc6 10. Bg5 Qb6 11. Na4 Qxd4 12. Qxd4 Nxd4 13. Nc3 h6 14. Be3 Nxb3
15. axb3 Bd6 16. Bf4 Nh5 17. Nb5 Bb8 18. g3 g5 19. Ng6 fxg6 20. Bxb8 Rxb8 21.
Rxa7 Bd7 22. Nd6 Bc6 23. b4 Rfd8 24. g4 Nf6 25. b5 Rxd6 26. bxc6 Rxc6 27. c3 Rb6
28. Rfa1 Rxb2 29. Ra8 Rxa8 30. Rxa8+ Kf7 31. Rc8 Rb6 32. Rc7+ Kf8 33. f3 Ne8 34.
Rh7 h5 35. gxh5 Kg8 36. hxg6 Ng7 37. Rh3 Rc6 38. Rg3 Rxc3 39. Rxg5 Rxf3 40. h4
d4 41. Rb5 Rg3+ 42. Kf2 Rxg6 43. Rxb7 Nf5 44. Rb8+ Kh7 45. h5 Rf6 46. Rb7+ Kh6
47. Rb8 Ng7+ 48. Ke2 Nxh5 49. Rh8+ Kg5 50. Rd8 e5 51. Rg8+ Kf5 52. Kd3 Nf4+ 53.
Kc4 Ke4 54. Rg1 Rc6+ 55. Kb5 Rc3 56. Re1+ Kd5 57. Kb6 e4 58. Rf1 d3 59. Rxf4 Kd4
60. Rf8 d2 61. Rd8+ Ke3 62. Kb5 Rd3 63. Rxd3+ Kxd3 {White resigns} 0-1

[Event "Team 45 45 League T51"]
[Site "Internet Chess Club"]
[Date "2011.12.04"]
[Round "4"]
[White "tworivers"]
[Black "tamky70"]
[Result "1-0"]
[WhiteElo "1432"]
[BlackElo "1337"]
[Opening "Queen's pawn: London system"]
[ECO "A45"]
[Time "10:00:47"]
[TimeControl "2700+45"]

1. d4 Nf6 2. Bf4 d5 3. h3 e6 4. e3 Bd6 5. Bxd6 Qxd6 6. c3 Qe7 7. Nf3 Nc6 8. Bd3
Bd7 9. Nbd2 e5 10. dxe5 Nxe5 11. Nxe5 Qxe5 12. Nf3 Qe7 13. Qe2 O-O 14. O-O-O a6
15. g4 Bc6 16. Nd4 Ne4 17. Nxc6 bxc6 18. Bxe4 Qxe4 19. Rhg1 Qa4 20. b3 Qb5 21.
Qxb5 axb5 22. Kb2 Ra6 23. Ra1 Re8 24. Rgd1 Kf8 25. Rd3 Re6 26. f4 f6 27. Re1 Ra8
28. h4 Kf7 29. Rd4 Re4 30. Rxe4 dxe4 31. Rd1 Ke6 32. f5+ Ke7 33. Rd4 Rd8 34.
Rxe4+ Kf7 35. Rd4 Rd6 36. a4 Ke7 37. a5 c5 38. Rxd6 Kxd6 39. Kc2 b4 40. c4 Kc6
41. Kd3 Kb7 42. Ke4 c6 43. g5 Ka6 44. Kf4 Kxa5 45. e4 Kb6 46. e5 Kc7 47. exf6
gxf6 48. g6 {Black resigns} 1-0

[Event "Team 45 45 League T51"]
[Site "Internet Chess Club"]
[Date "2011.12.04"]
[Round "4"]
[White "OOB1"]
[Black "Juan73"]
[Result "0-1"]
[WhiteElo "1452"]
[BlackElo "1755"]
[Opening "Four knights: Scotch, 4...exd4"]
[ECO "C47"]
[Time "20:07:56"]
[TimeControl "2700+45"]

1. e4 e5 2. Nf3 Nc6 3. Nc3 Nf6 4. d4 exd4 5. Nxd4 Nxd4 6. Qxd4 Qe7 7. Bg5 h6 8.
Bxf6 Qxf6 9. Qxf6 gxf6 10. Nd5 Kd8 11. Nxf6 Bg7 12. e5 c6 13. O-O-O Bxf6 14.
exf6 Re8 15. Bc4 d5 16. Bd3 Re6 17. Rhe1 Rxf6 18. f3 Be6 19. h3 Kd7 20. Re5 Rg8
21. Rd2 Rg5 22. Rde2 Kd6 23. R5e3 Bf5 24. Bxf5 Rfxf5 25. Re7 Rxg2 26. Rxg2 Kxe7
27. Rf2 Kf6 28. Kd2 Re5 29. b3 Kf5 30. Rg2 Kf4 31. Rg7 Re7 32. Rh7 Kg5 33. Rg7+
Kf6 34. Rg2 b5 35. b4 a5 36. a3 axb4 37. axb4 Re6 38. Rg4 Ke5 39. c3 f5 40. Rh4
Rg6 41. Ke3 Rf6 42. f4+ Kd6 43. Rh5 c5 44. Kd3 d4 45. bxc5+ Kxc5 46. cxd4+ Kd5
47. Kc3 Ke4 48. Rh4 Rb6 49. Kb4 Kxd4 50. Rh5 Ke4 51. Kc5 Rf6 52. Rh4 Kf3 53.
Kxb5 Kg3 54. Rh5 Kxf4 55. Rh4+ Kg3 56. Rd4 f4 57. Rd3+ f3 58. Kc4 Kg2 59. Kd4
Rd6+ 60. Ke3 Rxd3+ 61. Kxd3 f2 62. Ke3 f1=Q 63. h4 Qf3+ 64. Kd4 Qf4+ 65. Kd5 Kf3
66. Ke6 Ke4 67. h5 Qf5+ 68. Kd6 Kd4 69. Kc6 Qd5+ 70. Kb6 Qc5+ 71. Kb7 Qd6 72.
Kc8 Qe7 73. Kb8 Kc5 74. Kc8 Kb6 {White resigns} 0-1

[Event "Team 45 45 League T51"]
[Site "Internet Chess Club"]
[Date "2011.12.03"]
[Round "4"]
[White "PANAMA-REY"]
[Black "Visin"]
[Result "1-0"]
[WhiteElo "1395"]
[BlackElo "1291"]
[Opening "Giuoco Pianissimo"]
[ECO "C50"]
[Time "14:00:12"]
[TimeControl "2700+45"]

1. e4 e5 2. Nf3 Nc6 3. Bc4 Bc5 4. d3 Nf6 5. a3 d6 6. h3 O-O 7. Bg5 Re8 8. Nc3
Bd4 9. Nd5 Bxb2 10. Rb1 Bxa3 11. O-O Be6 12. Nxf6+ gxf6 13. Bh4 Bxc4 14. dxc4
Bc5 15. Nh2 Qc8 16. Bxf6 Qe6 17. Ng4 Nb8 18. Qd2 Qxf6 19. Nxf6+ Kf8 20. Nxe8
Kxe8 {Black resigns} 1-0

[Event "Team 45 45 League T51"]
[Site "Internet Chess Club"]
[Date "2011.12.05"]
[Round "4"]
[White "reverendjim"]
[Black "sockmonkey"]
[Result "1-0"]
[WhiteElo "1421"]
[BlackElo "1310"]
[Opening "QGD: 3.Nc3"]
[ECO "D31"]
[Time "23:00:12"]
[TimeControl "2700+45"]

1. d4 d5 2. c4 e6 3. Nc3 f5 4. cxd5 exd5 5. Nf3 c6 6. Bg5 Nf6 7. e3 Bd6 8. Bd3
O-O 9. O-O Qd7 10. Bxf6 Rxf6 11. a3 Qe7 12. b4 a6 13. Qb3 Be6 14. a4 Bxb4 15.
Rab1 Bxc3 16. Qxc3 Qc7 17. a5 Nd7 18. Rfc1 Rb8 19. Ng5 g6 20. f3 f4 21. e4 dxe4
22. Nxe6 Rxe6 23. Bc4 Nf8 24. fxe4 b5 25. Bxe6+ Nxe6 26. Qxc6 Qxc6 27. Rxc6 Nxd4
28. Rxa6 Ne2+ 29. Kf2 Nc3 30. Rb4 Re8 31. Kf3 g5 32. Rc6 {Black resigns} 1-0

[Event "Team 45 45 League T51"]
[Site "Internet Chess Club"]
[Date "2011.12.04"]
[Round "4"]
[White "Docvan"]
[Black "katabatico"]
[Result "1-0"]
[WhiteElo "1193"]
[BlackElo "1394"]
[Opening "Ruy Lopez: 5.O-O"]
[ECO "C78"]
[Time "13:01:25"]
[TimeControl "2700+45"]

1. e4 e5 2. Nf3 Nc6 3. Bb5 a6 4. Ba4 Nf6 5. O-O b5 6. Bb3 Bc5 7. c3 d6 8. a4 b4
9. d4 exd4 10. cxd4 Ba7 11. Qc2 Nxd4 12. Nxd4 Bxd4 13. Qc6+ Bd7 14. Qc4 c5 15.
Qxf7# {Black checkmated} 1-0

[Event "Team 45 45 League T51"]
[Site "Internet Chess Club"]
[Date "2011.12.02"]
[Round "4"]
[White "LAgenieMP"]
[Black "Pacini"]
[Result "0-1"]
[WhiteElo "1882"]
[BlackElo "2075"]
[Opening "Sicilian: closed"]
[ECO "B23"]
[Time "19:06:27"]
[TimeControl "2700+45"]

1. e4 c5 2. Nc3 g6 3. f4 Bg7 4. Nf3 Nc6 5. Bb5 e6 6. O-O Nge7 7. d3 O-O 8. Be3
b6 9. Qd2 d5 10. exd5 exd5 11. d4 Be6 12. Rad1 c4 13. Bxc6 Nxc6 14. Ne5 Rc8 15.
Ne2 Re8 16. c3 Ne7 17. Ng3 f6 18. Nf3 Nf5 19. Rde1 Nxg3 20. hxg3 Bf5 21. Bf2 Qd7
22. Rxe8+ Rxe8 23. Re1 Rxe1+ 24. Qxe1 Kf7 25. Nh4 Be4 26. Qd1 h5 27. b3 b5 28.
Nf3 a5 29. Nd2 Bd3 30. Nf1 Bf8 31. Ne3 Qe6 32. Qf3 Be4 33. Qd1 Qd7 34. g4 cxb3
35. axb3 hxg4 36. Nxg4 Qc7 37. Qd2 a4 38. bxa4 bxa4 39. Qa2 a3 40. Ne3 Qb7 41.
Be1 Qb2 {White resigns} 0-1

[Event "Team 45 45 League T51"]
[Site "Internet Chess Club"]
[Date "2011.12.07"]
[Round "4"]
[White "smyslovVchess"]
[Black "badmove"]
[Result "0-1"]
[WhiteElo "1777"]
[BlackElo "1724"]
[Opening "Ruy Lopez: closed"]
[ECO "C90"]
[Time "15:12:50"]
[TimeControl "2700+45"]

1. e4 e5 2. Nf3 Nc6 3. Bb5 a6 4. Ba4 Nf6 5. O-O Be7 6. Re1 b5 7. Bb3 d6 8. h3
Na5 9. c3 Nxb3 10. axb3 Bb7 11. d3 O-O 12. Nbd2 c5 13. Qc2 Qc7 14. Nf1 h6 15. c4
Bc6 16. Ne3 Bd7 17. Nd5 Nxd5 18. cxd5 f5 19. d4 exd4 20. Nxd4 fxe4 21. Ne6 Bxe6
22. dxe6 d5 23. Qe2 Qe5 24. Qg4 Qf5 25. Re2 Qxg4 26. hxg4 Rf6 27. g5 hxg5 28.
Bxg5 Rxe6 29. Bd2 Bf6 30. f3 Bxb2 31. Rb1 Bd4+ 32. Kh2 {White resigns} 0-1

[Event "Team 45 45 League T51"]
[Site "Internet Chess Club"]
[Date "2011.12.06"]
[Round "4"]
[White "Kingofknights"]
[Black "vigneshv"]
[Result "0-1"]
[WhiteElo "1686"]
[BlackElo "1594"]
[Opening "King's Indian: Sämisch, 5...O-O"]
[ECO "E81"]
[Time "19:00:15"]
[TimeControl "2700+45"]

1. d4 Nf6 2. c4 g6 3. Nc3 d6 4. e4 Bg7 5. f3 O-O 6. Bd3 c5 7. d5 e6 8. Be3 exd5
9. cxd5 Re8 10. Qd2 a6 11. a4 Nbd7 12. Nge2 Ne5 13. a5 Bd7 14. Kf2 Nxd3+ 15.
Qxd3 Qc7 16. Rhc1 b5 17. axb6 Qxb6 18. b4 Rec8 19. bxc5 dxc5 20. Rcb1 Qd6 21.
Bf4 c4 22. Qe3 Qc5 23. Qxc5 Rxc5 24. Be3 Rcc8 25. Ra5 Rc7 26. Rb6 Rca7 27. Rb4
Rc7 28. Bf4 Bf8 29. Rb6 Bc5+ 30. Be3 Bxb6 31. Bxb6 Rb7 32. Bd4 Ne8 33. Ke3 Nc7
34. Rc5 Nb5 35. Bf6 Nxc3 36. Nxc3 Rc8 37. Ra5 Ra8 38. g4 Rb2 39. h4 h6 40. d6
Rb6 41. e5 Rb3 42. Kd4 Rb4 43. Kc5 Rb3 44. Kxc4 Be6+ 45. Kd4 Rb4+ 46. Kc5 Rc4+
47. Kb6 Rxc3 48. f4 Rcc8 49. f5 gxf5 50. gxf5 Bxf5 51. Ra3 Kf8 52. Rg3 Ke8 53.
Rg7 Kf8 54. h5 a5 55. e6 Bxe6 56. Rh7 Ke8 57. Rxh6 Kd7 58. Be5 Rc1 59. Rh7 Rb1+
60. Kc5 Rc8+ 61. Kd4 Rd1+ 62. Ke3 Re1+ 63. Kd4 Rc4+ 64. Kd3 Rxe5 {White resigns}
0-1

[Event "Team 45 45 League T51"]
[Site "Internet Chess Club"]
[Date "2011.12.04"]
[Round "4"]
[White "jjmolina"]
[Black "Sir-Sinister"]
[Result "0-1"]
[WhiteElo "1796"]
[BlackElo "1853"]
[Opening "Giuoco Pianissimo"]
[ECO "C55"]
[Time "14:06:52"]
[TimeControl "2700+45"]

1. e4 e5 2. Nf3 Nc6 3. Bc4 Nf6 4. d3 Bc5 5. c3 d6 6. h3 h6 7. O-O a6 8. Bb3 Ba7
9. Be3 Bxe3 10. fxe3 Na5 11. Ba4+ b5 12. Bc2 c5 13. b4 cxb4 14. cxb4 Nc6 15. a3
a5 16. bxa5 Qxa5 17. Bb3 Bd7 18. Qd2 Qxd2 19. Nbxd2 Ke7 20. g4 Na5 21. Ba2 Nb7
22. Bb3 Nc5 23. Bc2 Rhc8 24. d4 Ne6 25. Bb3 Rc3 26. dxe5 dxe5 27. Nxe5 Rxe3 28.
Nxd7 Kxd7 29. Rf3 Rxf3 30. Nxf3 Nxe4 31. Ne5+ Ke7 32. Bd5 Ra4 33. Nc6+ Kd6 34.
Nb4 Nc3 35. Bb3 Ra7 36. Kh2 Nd4 37. Bc2 Nxc2 38. Nxc2 Kc5 39. Kg2 Rd7 40. Nb4
Rd1 41. Rxd1 Nxd1 42. Kf3 Nc3 43. Nc2 Kc4 44. Ke3 Nb1 45. Ke2 Kc3 46. Kd1 Kb2
47. Nb4 Kxa3 48. Nc2+ Kb2 49. Nb4 Kb3 50. Nc6 b4 51. Kc1 Nc3 52. Nd4+ Kc4 53.
Nf5 Kb3 54. Nd4+ Ka2 55. Kc2 Ne4 56. Kd3 Nd6 57. Kc2 Nc4 58. Kd3 Na3 59. Ne2 b3
60. Nc1+ Kb2 61. Ne2 Kb1 62. Nc3+ Ka1 63. Ne4 b2 {White resigns} 0-1

[Event "Team 45 45 League T51"]
[Site "Internet Chess Club"]
[Date "2011.12.03"]
[Round "4"]
[White "gwolff"]
[Black "Reeza"]
[Result "0-1"]
[WhiteElo "1827"]
[BlackElo "1792"]
[Opening "Dutch: stonewall variation"]
[ECO "A92"]
[Time "10:12:52"]
[TimeControl "2700+45"]

1. d4 f5 2. c4 e6 3. Nf3 Nf6 4. g3 Be7 5. Bg2 O-O 6. O-O d5 7. Bf4 dxc4 8. Ne5
Nd5 9. Nxc4 Nc6 10. e3 g5 11. Be5 b5 12. Ncd2 Nxe5 13. dxe5 Bb7 14. Qb3 Qd7 15.
Rd1 Rad8 16. Nc3 Nxc3 17. bxc3 Bxg2 18. Kxg2 Qc6+ 19. Kg1 f4 20. c4 fxe3 21.
cxb5 exf2+ 22. Kf1 Qh1+ 23. Ke2 f1=Q+ 24. Rxf1 Qg2+ 25. Ke3 Qxd2+ {White
resigns} 0-1

[Event "Team 45 45 League T51"]
[Site "Internet Chess Club"]
[Date "2011.12.03"]
[Round "4"]
[White "frank001"]
[Black "Kheeljoi"]
[Result "0-1"]
[WhiteElo "1715"]
[BlackElo "1812"]
[Opening "Sicilian: Canal-Sokolsky attack, 3...Bd7"]
[ECO "B52"]
[Time "23:02:07"]
[TimeControl "2700+45"]

1. e4 c5 2. Nf3 d6 3. Bb5+ Bd7 4. Bxd7+ Nxd7 5. O-O e6 6. Qe2 Be7 7. b3 Ngf6 8.
Bb2 O-O 9. d4 cxd4 10. Nxd4 Qc7 11. c4 Rac8 12. Nc3 a6 13. Rad1 Nc5 14. Rd2 Qa5
15. Rfd1 Rfd8 16. a3 Qb6 17. b4 Ncd7 18. Na4 Qc7 19. Rc2 Ne5 20. Rdc1 b6 21. f4
Nc6 22. Nf3 Qb7 23. Nc3 Nd7 24. e5 dxe5 25. Nxe5 Ndxe5 26. fxe5 Nd4 27. Qg4 Nxc2
28. Rxc2 Qc7 29. Ne4 a5 30. Nf6+ Kh8 31. Qh5 h6 32. Rc3 axb4 33. Rh3 Qxc4 {White
resigns} 0-1

[Event "Team 45 45 League T51"]
[Site "Internet Chess Club"]
[Date "2011.12.03"]
[Round "4"]
[White "AntonioMendonca"]
[Black "Heian"]
[Result "1-0"]
[WhiteElo "1549"]
[BlackElo "1782"]
[Opening "Giuoco Piano: LaBourdonnais variation"]
[ECO "C44"]
[Time "17:12:35"]
[TimeControl "2700+45"]

1. e4 e5 2. Nf3 Nc6 3. d4 exd4 4. Bc4 Bc5 5. c3 d6 6. cxd4 Bb6 7. O-O Bg4 8. Be3
Qf6 9. d5 Ne5 10. Nbd2 Ne7 11. Bg5 Bxf3 12. Qa4+ c6 13. Bxf6 gxf6 14. Nxf3 Nxf3+
15. gxf3 O-O 16. Kh1 Kh8 17. dxc6 Nxc6 18. Bd5 Ne5 19. Qb3 Rab8 20. Rad1 Rbd8
21. Bxb7 Rb8 22. Qd5 Nxf3 23. Qxd6 Kg7 24. Qg3+ Ng5 25. Bd5 Kh8 26. f4 Ne6 27.
Bxe6 fxe6 28. Qh4 Rb7 29. Rf3 Bc5 30. b3 Be7 31. f5 e5 32. Rfd3 Rf7 33. Rd7 Rb8
34. Rc1 Rg8 35. Rdd1 Ba3 36. Rc3 Bb2 37. Rg3 Rc8 38. Rg2 Bd4 39. Qe1 Rc6 40. Qb4
Rc8 41. Rxd4 exd4 42. Qxd4 Rc1+ 43. Rg1 Rxg1+ 44. Kxg1 Kg7 45. e5 fxe5 46. Qxe5+
Rf6 47. Kg2 Kf7 48. Kg3 Ra6 49. a4 Rb6 50. Qd5+ Kf6 51. Kf4 Rb4+ 52. Qc4 Rxc4+
53. bxc4 h5 54. h4 a5 55. c5 Ke7 56. Kg5 Kd7 57. f6 Kc6 58. f7 Kxc5 59. f8=Q+
Kc4 {Black resigns} 1-0

[Event "Team 45 45 League T51"]
[Site "Internet Chess Club"]
[Date "2011.12.03"]
[Round "4"]
[White "alexping"]
[Black "Fezzik"]
[Result "0-1"]
[WhiteElo "1926"]
[BlackElo "2080"]
[Opening "QGD Slav accepted"]
[ECO "D15"]
[Time "12:15:24"]
[TimeControl "2700+45"]

1. d4 d5 2. c4 c6 3. Nc3 Nf6 4. Nf3 dxc4 5. Bg5 b5 6. g3 Qa5 7. a3 Ne4 8. Bd2
Nxd2 9. Nxd2 g6 10. Bg2 Bg7 11. O-O O-O 12. e3 Be6 13. Nde4 Bd5 14. Nxd5 cxd5
15. Nc5 e6 16. Qe2 Qc7 17. b3 Nd7 18. b4 a5 19. Qd2 Rfb8 20. f4 axb4 21. axb4
Rxa1 22. Rxa1 Nxc5 23. bxc5 b4 24. Rb1 b3 25. Bf1 Ra8 26. Qc3 Ra2 27. Qc1 Qa5
28. c6 Qc7 29. Qc3 Rc2 30. Qb4 Qxc6 31. Ra1 Ra2 32. Rb1 Bf8 33. Qc3 Qa4 34. e4
Bb4 35. Qf3 c3 36. exd5 c2 37. dxe6 fxe6 38. Qe3 cxb1=Q 39. Qxe6+ Kf8 40. Qf6+
Ke8 41. Qe6+ Be7 42. Qg8+ Kd7 43. Qd5+ Kc7 44. Qe5+ Bd6 45. Qg7+ Kc6 46. d5+ Kb6
{White resigns} 0-1

[Event "Team 45 45 League T51"]
[Site "Internet Chess Club"]
[Date "2011.12.04"]
[Round "4"]
[White "Pacini"]
[Black "kabindra"]
[Result "1-0"]
[WhiteElo "2082"]
[BlackElo "1844"]
[Opening "Scotch gambit: Dubois-Réti defense"]
[ECO "C55"]
[Time "12:13:23"]
[TimeControl "2700+45"]

1. e4 e5 2. Nf3 Nc6 3. d4 exd4 4. Bc4 Nf6 5. e5 d5 6. Bb5 Ne4 7. Nxd4 Bc5 8. Be3
Bd7 9. Bxc6 bxc6 10. Nd2 Bb6 11. Nxe4 dxe4 12. e6 Bxe6 13. Nxe6 Qxd1+ 14. Rxd1
fxe6 15. Ke2 O-O 16. Rd7 c5 17. c4 e5 18. Rhd1 h6 19. Re7 Rf7 20. Rxe5 Raf8 21.
Rxe4 a5 22. Re6 Rf5 23. Rd7 R8f7 24. Re8+ Rf8 25. Ree7 R8f7 26. Rxf7 Rxf7 27.
Rxf7 Kxf7 28. Kd3 Ke6 29. Ke4 c6 30. g4 Bc7 31. h4 Bd6 32. a4 Be7 33. h5 Kf6 34.
Bd2 Bd8 35. f4 g6 36. hxg6 Kxg6 37. f5+ Kg7 38. Ke5 Bf6+ 39. Kd6 Bxb2 40. Kxc6
Ba3 41. Bxa5 Kf6 42. Bd8+ Ke5 43. a5 Kd4 44. a6 {Black resigns} 1-0

[Event "Team 45 45 League T51"]
[Site "Internet Chess Club"]
[Date "2011.12.02"]
[Round "4"]
[White "zbence"]
[Black "gerailen0075"]
[Result "1-0"]
[WhiteElo "1796"]
[BlackElo "1837"]
[Opening "Sicilian: Taimanov variation"]
[ECO "B49"]
[Time "20:30:29"]
[TimeControl "2700+45"]

1. e4 c5 2. Nf3 e6 3. d4 cxd4 4. Nxd4 Nc6 5. Nc3 Qc7 6. Be3 a6 7. Be2 b5 8. O-O
Nf6 9. Nxc6 dxc6 10. Bf3 Bd6 11. g3 h5 12. Qd2 h4 13. Rad1 Ke7 14. e5 Bxe5 15.
Bc5+ Ke8 16. Bxc6+ Bd7 17. Bxa8 hxg3 18. Bd6 gxh2+ 19. Kh1 Bc6+ 20. Bxc6+ Qxc6+
21. f3 Bxc3 22. Qxc3 {Black resigns} 1-0

[Event "Team 45 45 League T51"]
[Site "Internet Chess Club"]
[Date "2011.12.04"]
[Round "4"]
[White "jorobo"]
[Black "Ptzz"]
[Result "0-1"]
[WhiteElo "1966"]
[BlackElo "2084"]
[Opening "QGD Slav: 4.Nc3"]
[ECO "D15"]
[Time "14:00:16"]
[TimeControl "2700+45"]

1. c4 c6 2. Nc3 d5 3. d4 Nf6 4. Nf3 a6 5. e3 b5 6. b3 Bg4 7. Be2 e6 8. h3 Bh5 9.
O-O Nbd7 10. Bb2 Bd6 11. Ne5 Bxe2 12. Nxe2 Qc7 13. cxd5 cxd5 14. Rc1 Qb8 15.
Nxd7 Nxd7 16. e4 dxe4 17. d5 O-O 18. dxe6 Nc5 19. Nf4 Ra7 20. Qg4 f5 21. Qh5 Qe8
22. Qxe8 Rxe8 23. Rfd1 Nxe6 24. Rxd6 Nxf4 25. Rcc6 Nd3 26. Bd4 Rae7 27. Rxa6 f4
28. Ra7 e3 29. Rxe7 Rxe7 30. fxe3 fxe3 31. Bc3 b4 32. Rxd3 bxc3 33. Kf1 e2+ 34.
Ke1 Rc7 35. Kxe2 c2 {White resigns} 0-1

[Event "Team 45 45 League T51"]
[Site "Internet Chess Club"]
[Date "2011.12.04"]
[Round "4"]
[White "Jack-ONeill"]
[Black "livis"]
[Result "1-0"]
[WhiteElo "2041"]
[BlackElo "2003"]
[Opening "Queen's bishop game"]
[ECO "D02"]
[Time "14:00:49"]
[TimeControl "2700+45"]

1. Nf3 d5 2. d4 Nf6 3. Bf4 e6 4. e3 Bd6 5. Bg3 a6 6. Nbd2 Nc6 7. c4 Bd7 8. Bd3
Bxg3 9. hxg3 Qe7 10. Ne5 h6 11. O-O h5 12. Ndf3 Nxe5 13. dxe5 Ng4 14. cxd5 exd5
15. e4 d4 16. Be2 c5 17. b4 Nxe5 18. bxc5 Nxf3+ 19. Bxf3 Qxc5 20. Rc1 Qe5 21.
Qd2 Bb5 22. Rfd1 Rd8 23. Qb4 h4 24. Rc5 Qe7 25. Rxd4 O-O 26. Rxb5 Qf6 27. Rbd5
Rc8 28. Qd2 hxg3 29. fxg3 Qb6 30. Kh2 Rc6 31. Rd6 Rfc8 32. e5 Rxd6 33. exd6 Rd8
34. d7 Qe6 35. Bg4 f5 36. Qg5 Qb6 37. Bxf5 Kf7 38. Be6+ {Black resigns} 1-0

[Event "Team 45 45 League T51"]
[Site "Internet Chess Club"]
[Date "2011.12.01"]
[Round "4"]
[White "AreYouSerious"]
[Black "Despair"]
[Result "1-0"]
[WhiteElo "2001"]
[BlackElo "1966"]
[Opening "Réti opening"]
[ECO "A04"]
[Time "19:12:23"]
[TimeControl "2700+45"]

1. Nf3 Nc6 2. e3 Nf6 3. b3 g6 4. Bb2 Bg7 5. Bb5 a6 6. Bxc6 dxc6 7. O-O O-O 8. d3
b6 9. c4 Bg4 10. d4 Ne4 11. a3 Ng5 12. Nbd2 c5 13. h3 Nxf3+ 14. Nxf3 Bxf3 15.
Qxf3 cxd4 16. Rad1 d3 17. Bxg7 Kxg7 18. Qe4 f5 19. Qxd3 Qxd3 20. Rxd3 Rad8 21.
Rfd1 Rd6 22. b4 Rfd8 23. Rxd6 Rxd6 24. Rxd6 exd6 25. a4 Kf6 26. Kf1 d5 27. b5
axb5 28. cxb5 Ke5 29. Ke2 g5 30. Kd3 f4 31. exf4+ gxf4 32. g4 fxg3 33. fxg3 d4
34. g4 h6 35. h4 Kd5 36. g5 hxg5 37. hxg5 Ke5 38. g6 Kf6 39. Kxd4 {Black
resigns} 1-0

[Event "Team 45 45 League T51"]
[Site "Internet Chess Club"]
[Date "2011.12.12"]
[Round "4"]
[White "pishd"]
[Black "Tamarin"]
[Result "1-0"]
[WhiteElo "1626"]
[BlackElo "1798"]
[Opening "Queen's pawn game, Darooha variation "]
[ECO "D02"]
[Time "04:16:03"]
[TimeControl "2700+45"]

1. d4 d5 2. Nf3 Nf6 3. c3 e6 4. Bg5 c5 5. e3 Nbd7 6. Nbd2 Be7 7. Bd3 b6 8. O-O
Bb7 9. Ne5 Nxe5 10. dxe5 Nd7 11. Bf4 O-O 12. Qh5 g6 13. Qg4 Re8 14. Nf3 Bf8 15.
h4 Bg7 16. h5 Rc8 17. hxg6 hxg6 18. Kh2 Qc7 19. Qg3 Rcd8 20. Rh1 Nf8 21. Kg1 d4
22. Bb5 dxe3 23. fxe3 Bc6 24. Bxc6 Qxc6 25. Bh6 Qd7 26. Bxg7 f5 27. Bf6 Rc8 28.
Rh8+ Kf7 29. Ng5# {Black checkmated} 1-0

[Event "Team 45 45 League T51"]
[Site "Internet Chess Club"]
[Date "2011.12.05"]
[Round "4"]
[White "rookmaster23"]
[Black "BotanicalKnight"]
[Result "1/2-1/2"]
[WhiteElo "1543"]
[BlackElo "1530"]
[Opening "Benkö gambit: 7.e4"]
[ECO "A59"]
[Time "20:04:42"]
[TimeControl "2700+45"]

1. d4 Nf6 2. c4 c5 3. d5 b5 4. cxb5 a6 5. bxa6 Bxa6 6. Nc3 d6 7. e4 Bxf1 8. Kxf1
g6 9. Nf3 Nbd7 10. h3 Bg7 11. g3 O-O 12. Kg2 Qa5 13. Re1 Rfb8 14. Qc2 Nb6 15.
Nd2 Na4 16. Nxa4 Qxa4 17. Qxa4 Rxa4 18. b3 Nd7 19. bxa4 Bxa1 20. Ba3 Bc3 21. Re2
Bxd2 22. Rxd2 Ra8 23. Bb2 Rxa4 24. Ba1 Rxe4 25. Kf3 Ra4 26. Re2 Kf8 27. Rb2 f6
28. Ke3 Kf7 29. Kd3 Ne5+ 30. Kc3 Ra3+ 31. Kc2 Nc4 32. Rb1 Na5 33. Kb2 Nc4+ {Game
drawn by mutual agreement} 1/2-1/2

[Event "Team 45 45 League T51"]
[Site "Internet Chess Club"]
[Date "2011.12.05"]
[Round "4"]
[White "The-Capitalist"]
[Black "milesotoole"]
[Result "1-0"]
[WhiteElo "1413"]
[BlackElo "1525"]
[Opening "Sicilian: dragon, Yugoslav attack, 10.O-O-O"]
[ECO "B78"]
[Time "21:36:05"]
[TimeControl "2700+45"]

1. e4 c5 2. Nf3 d6 3. d4 cxd4 4. Nxd4 Nf6 5. Nc3 g6 6. Be3 Bg7 7. f3 Nc6 8. Qd2
O-O 9. Bc4 Bd7 10. O-O-O Rc8 11. Bb3 Ne5 12. Kb1 Re8 13. h4 h5 14. g4 Nc4 15.
Bxc4 Rxc4 16. Nd5 hxg4 17. Nxf6+ exf6 18. Qd3 Rb4 19. c3 Ra4 20. b3 Ra6 21. h5
Qa5 22. Qc2 Rc8 23. Bd2 gxf3 24. h6 Bf8 25. c4 Qb6 26. Nxf3 d5 27. Bc3 Qe3 28.
h7+ Kh8 29. Qd3 Qxd3+ 30. Rxd3 Bg7 31. cxd5 Bg4 32. Rh4 Bh5 33. Nd2 Kxh7 34. a4
Kg8 35. Kb2 Be2 36. Rdh3 b5 37. axb5 Bxb5 38. Rh7 Be2 39. Rh2 Bh5 40. R2xh5 gxh5
41. Rxh5 f5 42. Bxg7 Kxg7 43. Rxf5 Rf6 44. Rg5+ Rg6 45. Rxg6+ Kxg6 46. Nc4 Re8
47. Nd6 Rd8 48. Nb7 Rd7 49. Nc5 Rd6 50. Kc3 f5 51. Kc4 fxe4 52. Nxe4 Rb6 53. d6
Kf7 54. d7 Ke7 55. Nc5 Kd8 56. Kd5 Rh6 57. b4 Rf6 58. Kc4 Rg6 59. Kb5 Rb6+ 60.
Ka5 Rc6 61. Kb5 Rg6 62. Ka5 Kc7 63. Kb5 Rf6 64. Ka5 Rf2 65. Ka6 Ra2+ 66. Kb5 Rb2
67. Kc4 Rc2+ 68. Kd4 Rd2+ 69. Kc3 Rf2 70. Kd4 Rf4+ 71. Ke5 Rg4 72. Kd5 Rg2 73.
Kd4 Rg6 74. Kc3 Rb6 75. Kc4 Kd8 76. Kc3 Rg6 77. Kc4 Rf6 78. Kd5 Rc6 79. Kxc6
{Black resigns} 1-0

[Event "Team 45 45 League T51"]
[Site "Internet Chess Club"]
[Date "2011.12.03"]
[Round "4"]
[White "bhandelman"]
[Black "Just-Jim"]
[Result "1-0"]
[WhiteElo "1172"]
[BlackElo "1300"]
[Opening "King's pawn game"]
[ECO "C50"]
[Time "12:00:37"]
[TimeControl "2700+45"]

1. e4 e5 2. Nf3 Nc6 3. Bc4 h6 4. O-O Bc5 5. d3 Nf6 6. Nc3 a6 7. a4 d6 8. Qe2 O-O
9. Be3 Nd4 10. Qd1 Nxf3+ 11. Qxf3 Bg4 12. Qg3 Bxe3 13. fxe3 Be6 14. Nd5 Bxd5 15.
Bxd5 c6 16. Bb3 Qe7 17. Rf5 Kh7 18. Raf1 d5 19. Rxe5 Qd7 20. exd5 cxd5 21. d4
Qg4 22. Rf3 Qxg3 23. Rxg3 Ne4 24. Rh3 f6 25. Rxd5 Rac8 26. Rd7 Rb8 27. c4 Nd2
28. Bc2+ Kg8 29. c5 Rf7 30. Bf5 Rxd7 31. Bxd7 Rd8 32. Be6+ Kf8 33. d5 Ne4 34. b4
Ke7 35. Rh4 Ng5 36. Rd4 Nxe6 37. dxe6 Rxd4 38. exd4 Kxe6 39. Kf2 Kd5 40. Ke3 f5
41. Kd3 g5 42. b5 h5 43. c6 bxc6 44. bxa6 c5 45. dxc5 Kc6 46. Kc4 f4 47. a7 Kb7
48. a8=Q+ Kxa8 49. Kd5 h4 50. Kd6 g4 51. c6 f3 52. gxf3 gxf3 53. c7 Kb7 54. Kd7
f2 55. c8=Q+ Kb6 56. Qf8 f1=Q 57. Qxf1 {Black resigns} 1-0

[Event "Team 45 45 League T51"]
[Site "Internet Chess Club"]
[Date "2011.12.03"]
[Round "4"]
[White "Ostap-Bender"]
[Black "chesskix"]
[Result "0-1"]
[WhiteElo "1390"]
[BlackElo "1501"]
[Opening "Dutch: Ilyin-Genevsky variation"]
[ECO "A97"]
[Time "19:02:24"]
[TimeControl "2700+45"]

1. d4 f5 2. g3 Nf6 3. Bg2 e6 4. c4 Be7 5. Nf3 d6 6. Nc3 O-O 7. O-O Qe8 8. Nb5
Bd8 9. Bf4 a6 10. Nc3 Nbd7 11. Qa4 Qh5 12. Rac1 Nb6 13. Qb3 Be7 14. d5 e5 15.
Be3 Ng4 16. Bxb6 cxb6 17. Qxb6 e4 18. h3 exf3 19. hxg4 fxg4 20. exf3 gxf3 21.
Bh1 Rf6 22. Qe3 Rh6 23. Qxh6 gxh6 24. Rfe1 Kf7 25. Ne4 Bg4 26. c5 dxc5 27. Nxc5
Qxd5 28. Ne4 Rd8 29. Rc7 Rd7 30. Rc5 Bxc5 {White resigns} 0-1